 Dungeon Crawl Stone Soup version 0.20.0-8-g6b59dc7 (webtiles) character file.

6198 Chiseanne the Jinx (level 10, -3/83 HPs)
             Began as a Barachi Enchanter on June 2, 2017.
             Was an Initiate of Gozag.
             Hit by a javelin thrown by Urug (15 damage)
             ... on level 10 of the Dungeon.
             The game lasted 00:34:07 (11528 turns).

Chiseanne the Jinx (Barachi Enchanter)             Turns: 11528, Time: 00:34:07

Health: -3/83      AC: 13    Str: 11    XL:     10   Next: 91%
Magic:  7/22       EV: 16    Int: 16    God:    Gozag
Gold:   26         SH:  0    Dex: 12    Spells: 13/25 levels left

rFire    . . .     SeeInvis .   a - +2 short sword (venom)
rCold    + . .     Gourm    .   (no shield)
rNeg     + + +     Faith    .   l - +0 leather armour
rPois    +         Spirit   .   (no helmet)
rElec    .         Reflect  .   (no cloak)
rCorr    .         Harm     .   A - +1 pair of gloves
MR       .....                  (no boots)
Stlth    ++........             (no amulet)
Regen    0.3/turn               Q - ring "Himeatt" {+Inv rPois rC+ rN+++ Dex-2}
MPRegen  0.2/turn               L - ring of Robustness {AC+8}

@: slowed, very slow
A: +LOS, swims, slowness 1, strong legs 1
a: Hop, Potion Petition, Call Merchant, Bribe Branch, Renounce Religion, Evoke
Invisibility


You were on level 10 of the Dungeon.
You worshipped Gozag.
Gozag was noncommittal.
You were not hungry.

You visited 2 branches of the dungeon, and saw 11 of its levels.

You collected 1075 gold pieces.
You spent 879 gold pieces at shops.
You paid 170 gold pieces to Gozag.

Inventory:

Hand Weapons
 a - a +2 short sword of venom (weapon)
 c - a +2 scimitar of flaming
 d - a +1 morningstar of protection
 s - a +4 hand axe of flaming
 v - a +0 hunting sling of freezing
 P - a +0 blowgun
Missiles
 e - 377 stones
 g - 220 arrows
 i - 4 needles of confusion
 m - 54 bolts
 r - 13 javelins (quivered)
 w - 127 sling bullets
 x - 30 poisoned needles
 y - 5 tomahawks
 O - 8 curare-tipped needles
Armour
 h - a +0 shield
 l - a +0 leather armour (worn)
 A - a +1 pair of gloves (worn)
Jewellery
 L - the ring of Robustness (right hand) {AC+8}
   (You found it on level 8 of the Dungeon)

   [ring of protection]

   It affects your AC (+8).
 Q - the ring "Himeatt" (left hand) {+Inv rPois rC+ rN+++ Dex-2}
   (You bought it in a shop on level 9 of the Dungeon)

   [ring of poison resistance]

   It affects your dexterity (-2).
   It protects you from cold.
   It protects you from poison.
   It renders you almost immune to negative energy.
   It lets you turn invisible.
 S - an uncursed ring of wizardry
Wands
 k - a wand of confusion (18/48)
 M - a wand of lightning (4/15)
Scrolls
 z - a scroll of immolation
 B - 3 scrolls of remove curse
 J - a scroll of fear
 K - 3 scrolls of teleportation
Potions
 b - a potion of flight {unknown}
 j - 6 potions of curing
 n - 4 potions of ambrosia
 o - a potion of haste
 p - 2 potions of might
 q - a potion of lignification {unknown}
 t - a potion of resistance {unknown}
 D - a potion of cancellation {unknown}
 E - a potion of degeneration {unknown}
 H - 2 potions of brilliance {unknown}
 I - a potion of agility {unknown}
 U - 2 potions of magic
 V - a potion of berserk rage
Books
 N - a book of Clouds

   Spells                             Type                      Level
   a - Poisonous Vapours              Poison/Air                   2
   b - Mephitic Cloud                 Conjuration/Poison/Air       3
   c - Conjure Flame                  Conjuration/Fire             3
   d - Freezing Cloud                 Conjuration/Ice/Air          6
   e - Ring of Flames                 Charms/Fire                  7
Comestibles
 f - 12 fruits
 u - 6 meat rations
 C - 7 bread rations
 R - 4 royal jellies


   Skills:
 * Level 9.5 Fighting
 - Level 1.1 Short Blades
 * Level 9.0 Dodging
 - Level 2.6 Stealth
 * Level 8.3 Spellcasting
 * Level 9.7 Hexes


You had 13 spell levels left.
You knew the following spells:

 Your Spells              Type           Power        Failure   Level  Hunger
a - Corona                Hex            #####..      1%          1    None
b - Confuse               Hex            #####...     1%          3    #......
c - Tukima's Dance        Hex            #####...     1%          3    #......
d - Dazzling Spray        Conj/Hex       ###...       6%          3    #......
e - Ensorcelled Hibernat  Hex/Ice        ###...       3%          2    None


Dungeon Overview and Level Annotations

Branches:
Dungeon (10/15)            Temple (1/1) D:7
   Lair: D:8-11         Orc: D:9-12

Altars:
Ashenzari
Cheibriados
Dithmenos
Elyvilon
Fedhas
Gozag
Hepliaklqana
Kikubaaqudgha
Makhleb
Nemelex Xobeh
Okawaru
Qazlal
Ru
Sif Muna
Trog
Uskayaw
Vehumet
Xom
Zin
The Shining One

Shops:
D:5 !   D:9 *!

Annotations:
D:10 Urug


Innate Abilities, Weirdness & Mutations

Shadows flee at your approach. (+LOS)
You can swim through water.
You cover ground slowly.
You can hop short distances.


Message History

The bolt of lightning hits the wraith.
The wraith is moderately damaged.
Evoking this partially-identified wand wasted a few charges.
Urug misses you.
A leopard gecko comes into view.
Casting: Confuse
Confirm with . or Enter, or press ? or * to list all spells.
Aiming: Confuse
Press: ? - help, Shift-Dir - straight line, f/p - wraith
Aim: a wraith (moderately damaged, confused, chance to defeat MR: 30%) Urug resists with some effort.
Urug hits you with an enchanted great mace!
* * * LOW HITPOINT WARNING * * *
A yak comes into view.
The yak gores you!
* * * LOW HITPOINT WARNING * * *
Urug throws a javelin.
The javelin misses you. The leopard gecko misses you.
Urug throws a javelin.
The javelin hits you!
You die...
Your body crumbles into a pile of gold.

#.#....# #.#....#
#.#....### #.#......
.......### #.#.......
########.##...#
............<.#
#######@####.###.###
.....(.lY.o.$.W......#
...#####.###.####.#...
#.# #.# ... #.# ##+#
#.# #.# #.# +..


You could see Urug, a yak, a wraith (confused) and a leopard gecko.

Vanquished Creatures
  A hydra (D:9)
  Erica (D:8)
  Joseph (D:8)
  A hippogriff (D:9)
  A dream sheep (D:9)
  Sigmund (D:6)
  2 yaks (D:9)
  2 steam dragons (D:9)
  Menkaure (D:6)
  Duvessa (D:6)
  A water moccasin (D:9)
  A black bear (D:7)
  An ice beast (D:7)
  A sky beast (D:2)
  5 ogres
  2 phantoms
  3 centaurs
  A crocodile (D:7)
  4 big kobolds (D:9)
  4 bullfrogs
  Blork the orc (D:4)
  Dowan (D:6)
  A scorpion (D:7)
  3 wights (D:8)
  2 howler monkeys (D:9)
  A centaur zombie (D:6)
  5 hounds
  4 jellies
  3 orc wizards
  A gnoll shaman (D:6)
  2 orc priests
  2 centaur skeletons
  3 iguanas
  7 worker ants
  2 hound zombies
  2 worker ant zombies
  17 adders
  4 gnolls (D:6)
  2 shadow imps
  3 oozes
  An adder skeleton (D:6)
  A worm (D:2)
  2 dart slugs
  5 leopard geckos
  26 orcs
  5 bats
  7 giant cockroaches
  12 goblins
  5 hobgoblins
  14 jackals
  5 quokkas
  2 ball pythons
  7 frilled lizards
  13 kobolds
  A leopard gecko skeleton (D:4)
  5 rats
212 creatures vanquished.

Vanquished Creatures (others)
  11 fungi (D:9)
  A plant (D:9)
12 creatures vanquished.

Grand Total: 224 creatures vanquished

Notes
Turn   | Place    | Note
-------+----------+-------------------------------------------
     0 | D:1      | Chiseanne the Barachi Enchanter began the quest for the Orb.
     0 | D:1      | Reached XP level 1. HP: 13/13 MP: 3/3
   260 | D:1      | Reached XP level 2. HP: 13/20 MP: 5/5
   486 | D:1      | Reached skill level 1 in Fighting
  1025 | D:1      | Reached XP level 3. HP: 20/26 MP: 6/6
  1172 | D:1      | HP: 1/26 [adder (5)]
  1864 | D:2      | Reached XP level 4. HP: 33/33 MP: 8/8
  2062 | D:2      | Learned a level 3 spell: Confuse
  2066 | D:2      | Learned a level 3 spell: Tukima's Dance
  2924 | D:2      | Reached XP level 5. HP: 36/39 MP: 9/9
  2926 | D:2      | Noticed a sky beast
  2941 | D:2      | Killed a sky beast
  3116 | D:2      | Learned a level 2 spell: Ensorcelled Hibernation
  3408 | D:3      | Found a white marble altar of Elyvilon.
  3409 | D:3      | Found a sparkling altar of Nemelex Xobeh.
  3501 | D:3      | Reached XP level 6. HP: 46/46 MP: 9/11
  4474 | D:4      | Reached skill level 5 in Hexes
  4488 | D:4      | Learned a level 3 spell: Dazzling Spray
  5033 | D:4      | Reached XP level 7. HP: 27/53 MP: 2/13
  5583 | D:4      | Noticed Blork the orc
  5609 | D:4      | Killed Blork the orc
  5837 | D:4      | Reached skill level 5 in Dodging
  6351 | D:4      | Reached XP level 8. HP: 61/61 MP: 15/15
  6387 | D:5      | Entered Level 5 of the Dungeon
  6736 | D:5      | Found Qesagec's Distillery.
  6784 | D:5      | Reached skill level 5 in Fighting
  6784 | D:5      | Reached skill level 5 in Spellcasting
  6928 | D:6      | Noticed Duvessa
  6928 | D:6      | Noticed Dowan
  6967 | D:6      | Killed Duvessa
  6976 | D:6      | Killed Dowan
  7117 | D:6      | Noticed Sigmund
  7135 | D:6      | Killed Sigmund
  7148 | D:6      | Noticed Menkaure
  7162 | D:6      | Killed Menkaure
  7513 | D:6      | Reached XP level 9. HP: 24/69 MP: 0/17
  7570 | D:6      | HP: 1/69 [centaur (6)]
  7863 | D:6      | Found an ancient bone altar of Kikubaaqudgha.
  8388 | D:7      | Found a sand-covered staircase.
  8418 | D:7      | Found a staircase to the Ecumenical Temple.
  8437 | Temple   | Entered the Ecumenical Temple
  8607 | Temple   | Became a worshipper of Gozag Ym Sagoz the Greedy
  8720 | D:7      | Found a sacrificial altar of Ru.
  8959 | D:7      | Found a glowing golden altar of the Shining One.
  9195 | D:8      | Noticed Erica
  9259 | D:8      | Killed Erica
  9574 | D:8      | Noticed Joseph
  9594 | D:8      | Killed Joseph
  9594 | D:8      | Reached XP level 10. HP: 74/80 MP: 10/20
  9804 | D:8      | Noticed a death knight
  9945 | D:8      | Noticed a phantasmal warrior
 10006 | D:9      | Found Nuck's Assorted Antiques.
 10058 | D:9      | Bought a sparkling bronze ring for 135 gold pieces
 10058 | D:9      | Bought a scroll of identify for 54 gold pieces
 10058 | D:9      | Bought a tiny copper amulet for 135 gold pieces
 10058 | D:9      | Bought a metallic sapphire potion for 24 gold pieces
 10058 | D:9      | Bought a scratched bone ring for 135 gold pieces
 10058 | D:9      | Bought a scroll of teleportation for 81 gold pieces
 10059 | D:9      | Identified the ring "Himeatt" {+Inv rPois rC+ rN+++ Dex-2} (You bought it in a shop on level 9 of the Dungeon)
 10087 | D:9      | Found a burning altar of Makhleb.
 10863 | D:9      | Noticed a two-headed hydra
 10877 | D:9      | Killed a one-headed hydra
 11123 | D:9      | Found Wita's Distillery.
 11134 | D:9      | Bought a potion of mutation for 120 gold pieces
 11134 | D:9      | Bought a potion of magic for 120 gold pieces
 11134 | D:9      | Bought a potion of berserk rage for 75 gold pieces
 11167 | D:9      | Found a snail-covered altar of Cheibriados.
 11172 | D:9      | Found a sacrificial altar of Ru.
 11499 | D:10     | Entered Level 10 of the Dungeon
 11500 | D:10     | Noticed Urug
 11528 | D:10     | Hit by a javelin thrown by Urug

Skill      XL: |  1  2  3  4  5  6  7  8  9 10 |
---------------+-------------------------------+-----
Fighting       | 1 2 3 4 6 8 9 |  9.5
Dodging        | 3 4 5 6 7 9 |  9.0
Hexes          | 4 5 7 8 9 |  9.7
Spellcasting   | 3 4 5 7 8 |  8.3
Short Blades   | |  1.1
Stealth        | |  2.6

Action                   |  1- 3 |  4- 6 |  7- 9 | 10-12 || total
-------------------------+-------+-------+-------+-------++-------
Melee: Dagger            |   145 |   293 |       |       ||   438
       Short sword       |       |    30 |   197 |   186 ||   413
       Hand axe          |       |       |   120 |    43 ||   163
Throw: Javelin           |       |       |    15 |     6 ||    21
 Cast: Corona            |    17 |    46 |    49 |    10 ||   122
       Confuse           |       |    29 |    53 |    16 ||    98
 Abil: Hop               |       |     1 |       |       ||     1
Evoke: Wand              |       |       |     6 |     2 ||     8
  Use: Potion            |     3 |     2 |     5 |       ||    10
       Scroll            |       |     9 |     5 |     3 ||    17
 Stab: Sleeping          |     4 |     8 |       |     1 ||    13
       Confused          |       |     6 |    11 |     6 ||    23
  Eat: Chunk             |     3 |    14 |    16 |       ||    33
       Fruit             |       |     1 |     2 |       ||     3
       Royal jelly       |       |       |     3 |     2 ||     5
Armor: Robe              |    16 |       |       |       ||    16
       Leather armour    |    32 |    79 |    40 |    91 ||   242
Dodge: Dodged            |   100 |   249 |   200 |   171 ||   720
